 Dungeon Crawl Stone Soup version 0.22.1-5-g62c59d919a (webtiles) character file.

401 Forgol the Slasher (level 6, -1/70 HPs)
             Began as a Demonspawn Berserker on Jan 15, 2019.
             Was a Priest of Trog.
             Slain by a worm (11 damage)
             ... on level 4 of the Dungeon.
             The game lasted 00:09:27 (3560 turns).

Forgol the Slasher (Demonspawn Berserker)           Turns: 3560, Time: 00:09:27

Health: -1/70      AC:  5    Str: 25    XL:     6   Next: 54%
Magic:  6/6        EV: 11    Int:  8    God:    Trog [***...]
Gold:   167        SH:  3    Dex: 12    Spells: 5/5 levels left

rFire    + . .     SeeInvis .   a - +0 falchion
rCold    + . .     Gourm    .   s - +0 buckler
rNeg     . . .     Faith    .   e - +1 leather armour {rC+}
rPois    .         Spirit   .   (no helmet)
rElec    .         Reflect  .   (no cloak)
rCorr    .         Harm     .   w - +0 pair of gloves
MR       +....                  (no boots)
Stlth    ..........             (no amulet)
HPRegen  0.21/turn              f - ring of protection from magic
MPRegen  0.10/turn              g - ring of protection from fire

@: berserking (expiring), very quick
A: demonic guardian 1, powered by death 1
a: Berserk, Trog's Hand, Renounce Religion


You were on level 4 of the Dungeon.
You worshipped Trog.
Trog was most pleased with you.
You were not hungry.

You visited 1 branch of the dungeon, and saw 4 of its levels.

You collected 167 gold pieces.

Inventory:

Hand Weapons
 a - a +0 falchion (weapon)
 n - a +0 scythe
Armour
 b - a +0 animal skin
 e - a +1 leather armour of cold resistance (worn)
 s - a +0 buckler (worn)
 w - a +0 pair of gloves (worn)
Jewellery
 f - a ring of protection from magic (left hand)
 g - a ring of protection from fire (right hand)
 h - an uncursed ring of magical power
Wands
 p - a wand of enslavement (12)
Scrolls
 i - a scroll of enchant weapon {unknown}
 k - 2 scrolls of remove curse
 m - 2 scrolls of noise {unknown}
 o - 2 scrolls of fear
 q - 2 scrolls of identify
 r - 2 scrolls of teleportation {unknown}
 t - a scroll of amnesia {unknown}
 y - a scroll of random uselessness {unknown}
Potions
 d - a potion of heal wounds {unknown}
 j - a potion of cancellation {unknown}
 l - a potion of haste {unknown}
 v - a potion of degeneration {unknown}
 x - a potion of might {unknown}
Comestibles
 c - 5 rations
 u - 3 chunks of flesh


   Skills:
 + Level 3.4 Fighting
 * Level 6.2 Long Blades
 + Level 2.2 Armour
 - Level 1.7 Dodging
 + Level 1.2 Shields


You had 5 spell levels left.
You didn't know any spells.
Your spell library was empty.

Dungeon Overview and Level Annotations

Branches:
Dungeon (4/15)
 Temple: D:4-7

Altars:
Fedhas
Kikubaaqudgha
Trog
The Shining One


Innate Abilities, Weirdness & Mutations

A weak demonic guardian rushes to your aid.
You regenerate a little health from kills.


Message History

The rat bites you. The worm bites you!
You hit the worm.
The worm is heavily wounded.
The rat bites you. The rat misses you.
You riposte.
You barely miss the rat. The worm barely misses you.
A red film seems to cover your vision as you go berserk!
You feel yourself moving faster!
You feel mighty!
You feel quite a bit more hungry. The rat completely misses you.
The rat bites you but does no damage. The worm bites you!
* * * LOW HITPOINT WARNING * * *
The rat closely misses you.
You riposte.
You closely miss the rat. You hit the worm.
The worm is heavily wounded.
You block the rat's attack. The rat closely misses you. The worm bites you!
* * * LOW HITPOINT WARNING * * *
The rat barely misses you.
You feel a strong urge to attack something.
You feel your anger nearly subside. The worm bites you!
You die...

#...#..#####....##..# ##.#
###..#..<##....###.## #.#
#...########..###.######.####
#..####....###.#............#
#..# .......###....##########
#### ........##....##
...#....##.....##
..###...##..##..##
_.#y#.†rw@...##..###
..###..r####..###..######
...#....#####..#......#.#
........#..##....####..# ####
.......##...#..### #.#.##
#..#####....##......## #.##.#
#.....########.....## #######
###..##..##.........# ##..#
...#####.....#####..#####.#.#


You could see a moth of wrath, a worm (berserk) and 2 rats.

Vanquished Creatures
  Sigmund (D:2)
  2 howler monkeys (D:4)
  4 adders
  4 gnolls (D:4)
  An ooze (D:3)
  2 adder skeletons (D:4)
  3 worms (D:2)
  2 leopard geckos
  4 orcs
  11 bats
  2 giant cockroaches
  11 goblins
  5 hobgoblins
  3 jackals (D:3)
  2 quokkas
  4 ball pythons
  5 frilled lizards
  A jackal skeleton (D:4)
  7 kobolds
  A quokka skeleton (D:4)
  11 rats
86 creatures vanquished.

Vanquished Creatures (collateral kills)
  A quokka (D:4)
1 creature vanquished.

Grand Total: 87 creatures vanquished

Notes
Turn   | Place    | Note
-------+----------+-------------------------------------------
     0 | D:1      | Forgol the Demonspawn Berserker began the quest for the
                  | Orb.
     0 | D:1      | Reached XP level 1. HP: 18/18 MP: 1/1
   115 | D:1      | Reached skill level 3 in Long Blades
   151 | D:1      | Gained mutation: You regenerate a little health from kills.
                  | [demonic ancestry]
   151 | D:1      | Reached XP level 2. HP: 21/24 MP: 2/2
   732 | D:2      | Reached ** piety under Trog
   748 | D:2      | Reached XP level 3. HP: 24/29 MP: 3/3
   964 | D:2      | Reached skill level 4 in Long Blades
  1282 | D:2      | Noticed Sigmund
  1290 | D:2      | Killed Sigmund
  1290 | D:2      | Reached skill level 5 in Long Blades
  1290 | D:2      | Reached XP level 4. HP: 35/35 MP: 4/4
  1290 | D:2      | Reached XP level 5. HP: 41/41 MP: 5/5
  2030 | D:3      | Found an ancient bone altar of Kikubaaqudgha.
  2154 | D:3      | Found a blossoming altar of Fedhas.
  2322 | D:3      | Reached *** piety under Trog
  2806 | D:4      | Reached skill level 6 in Long Blades
  2806 | D:4      | Gained mutation: A weak demonic guardian rushes to your
                  | aid. [demonic ancestry]
  2806 | D:4      | Reached XP level 6. HP: 47/47 MP: 6/6
  2867 | D:4      | Reached skill level 1 in Shields
  3201 | D:4      | Found a glowing golden altar of the Shining One.
  3545 | D:4      | Noticed a moth of wrath
  3548 | D:4      | Found a bloodstained altar of Trog.
  3560 | D:4      | Slain by a worm

Skill      XL: |  1  2  3  4  5  6 |
---------------+-------------------+-----
Long Blades    | 3 5 6 |  6.2
Armour         | 2 |  2.2
Shields        | 1 |  1.2
Fighting       | |  3.4
Dodging        | |  1.7

Action                   |  1- 3 |  4- 6 || total
-------------------------+-------+-------++-------
Melee: Falchion          |    91 |   155 ||   246
Invok: Berserk           |     2 |     2 ||     4
       Trog's Hand       |       |     1 ||     1
  Use: Scroll            |     2 |     3 ||     5
 Stab: Sleeping          |     1 |       ||     1
  Eat: Chunk             |     2 |    10 ||    12
Armor: Leather armour    |    34 |    49 ||    83
Dodge: Dodged            |    67 |    98 ||   165
Block: Buckler           |       |    27 ||    27
       Rpst.: Falchion   |    19 |    35 ||    54
